AoeStats
← Rao8830

Arena

509612873Analyzed
1v1 RM · 6d ago on Sep 27, 2026· 34m 52s· 2 players
Game mode
Random Map
Map size
Tiny (2 player)
Population
200
Speed
Normal
Resources
Standard
Victory
Conquest
Starting age
Dark Age
Ending age
Imperial Age
RankedLock teamsTeams togetherTeam positionsShared explorationLock speedFull tech treeHidden civsTurbo modeCheats
Victory
Defeat
🇪🇸 Slavs · Spain
1173
+15
🇮🇳 Portuguese · India
1153
-15
Rao8830
10:47 Feudal Age
11:40 Horse Collar
11:47 Double-Bit Axe
17:14 Castle Age
15:57 Stone Mining
16:13 Gold Mining
19:14 Bow Saw
19:05 Heavy Plow
20:29 Fletching
26:09 Bodkin Arrow
26:14 Padded Archer Armor
27:55 Leather Archer Armor
31:02 Stone Shaft Mining
35:38 Imperial Age
34:52 Wheelbarrow
Agapito di Sousa
10:16 Feudal Age
10:23 Feudal Age
12:24 Loom
15:08 Castle Age
13:17 Double-Bit Axe
13:45 Gold Mining
13:50 Stone Mining
13:51 Horse Collar
15:15 Gold Mining
20:24 Town Watch
21:59 Detinets
23:39 Fletching
26:23 Wheelbarrow
26:06 Man-at-Arms
34:27 Imperial Age
33:07 Heavy Plow
33:33 Scale Barding Armor
35:10 Forging
35:21 Chain Barding Armor
Connection lost

Rejoining the realm…

Still unreachable

The connection could not be restored.

Session expired

The server has moved on; the page needs a fresh start.